AoeStats
← MAN1YAKFOX

Arena

508839381Analyzed
1v1 RM · 9d ago on Sep 24, 2026· 38m 39s· 2 players
Game mode
Random Map
Map size
Tiny (2 player)
Population
200
Speed
Normal
Resources
Standard
Victory
Conquest
Starting age
Dark Age
Ending age
Imperial Age
RankedLock teamsTeams togetherTeam positionsShared explorationLock speedFull tech treeHidden civsTurbo modeCheats
Victory
Defeat
🇷🇺 Romans · Russia
1031
+16
🇫🇷 Varangians · France
1034
-16
MAN1YAKFOX
4:55 Loom
11:53 Feudal Age
16:52 Castle Age
15:55 Man-at-Arms
18:01 Scale Mail Armor
18:06 Long Swordsman
24:05 Squires
26:40 Double-Bit Axe
28:03 Horse Collar
30:26 Ballistics
33:41 Imperial Age
36:37 Ballistas
36:47 Fletching
rooklyne42
9:45 Feudal Age
14:12 Castle Age
13:37 Double-Bit Axe
13:34 Horse Collar
18:33 Bow Saw
22:28 Fervor
25:50 Loom
26:57 Town Watch
27:47 Wheelbarrow
34:12 Husbandry
34:22 Bloodlines
37:28 Imperial Age
35:00 Fletching
35:11 Padded Archer Armor
35:56 Heavy Plow
35:48 Stone Mining
35:49 Gold Mining
37:25 Bodkin Arrow
37:45 Leather Archer Armor
38:38 Bracer
38:30 Cranequins
38:30 Heavy Mounted Crossbowman
Connection lost

Rejoining the realm…

Still unreachable

The connection could not be restored.

Session expired

The server has moved on; the page needs a fresh start.